Map: Para Site LE

Players

llllllllllll (souL)

  • Race: Terran Terran
  • League: Grandmaster
  • Spawn Location: 11:00

Lambo - Winner!

  • Race: Zerg Zerg
  • League: Grandmaster
  • Spawn Location: 5:00

VOD

Have the link to the VOD?

Description

Time

  • Played on: Dec. 5, 2018, 7:39 a.m.
  • Length: 8:20
Show
View Real Time Build Order
Export as new Build Order

llllllllllll Terran 

Build Orders: Gas First Reaper Expand, Hellion Opening 

Get SALT Encoding   

  12  0:00  SCV  
  13  0:14  SCV  
  14  0:17  Supply Depot  
  14  0:26  SCV  
  15  0:32  Refinery  
  15  0:39  SCV  
  16  0:45  Barracks  
  16  0:51  SCV  
  17  1:03  SCV  
  18  1:16  SCV  
  19  1:33  Reaper, Orbital Command  
  20  1:44  Command Center  
  20  1:55  Factory  
  20  1:59  SCV  
  21  2:04  Refinery  
  21  2:09  Barracks Reactor  
  21  2:11  SCV  
  22  2:16  Supply Depot  
  22  2:23  SCV  
  23  2:38  SCV  
  23  2:41  Starport  
  28  2:51  Hellion x2  
  28  2:52  SCV  
  28  2:57  Orbital Command  
  29  3:02  Marine  
  29  3:04  SCV  
  31  3:12  Hellion x2  
  35  3:19  Marine  
  35  3:20  Medivac  
  35  3:22  Orbital Command  
  38  3:27  Armory  
  38  3:34  Hellion  
  40  3:37  Marine, Hellion  
  43  3:46  Supply Depot  
  43  3:49  SCV  
  43  3:54  SCV  
  45  4:01  SCV  
  46  4:08  Medivac, Hellion x2, SCV  
  53  4:12  Supply Depot  
  53  4:13  SCV  
  54  4:34  Hellion, SCV x2  
  58  4:40  Hellion  
  58  4:46  SCV x2  
  57  4:56  Hellion  
  57  4:58  SCV x2  
  51  5:01  Hellion  
  48  5:10  SCV x2  
  48  5:14  Barracks Tech Lab, Command Center  
  48  5:15  Terran Vehicle And Ship Armor Level 1  
  48  5:16  Supply Depot  
  48  5:17  Hellion  
  50  5:22  SCV x2  
  50  5:23  Hellion  
  50  5:27  Refinery  
  50  5:28  Refinery  
  54  5:34  SCV x2  
  56  5:38  Hellion  
  56  5:39  Supply Depot  
  58  5:46  Factory  
  58  5:47  Factory, SCV x2  
  60  5:50  Hellion  
  62  5:57  Barracks Tech Lab  
  62  5:59  SCV x2  
  62  6:04  Hellion  
  66  6:11  SCV x2  
  68  6:12  Hellion  
  70  6:23  SCV x2  
  70  6:25  Hellion  
  74  6:28  Supply Depot x2, Orbital Command  
  74  6:35  Hellion, SCV x2  
  78  6:41  Supply Depot x2  
  74  6:47  SCV x2  
  74  6:53  Thor  
  82  6:54  Thor  
  82  6:55  Starport Reactor  
  82  6:59  SCV x2  
  90  7:09  Refinery  
  90  7:11  Supply Depot, SCV x2  
  90  7:12  Supply Depot  
  90  7:13  Refinery  
  90  7:16  Marine  
  90  7:20  Hellion x2  
  95  7:23  SCV x2  
  95  7:35  Supply Depot, SCV x2  
  93  7:40  Armory  
  93  7:48  Medivac x2, SCV x2  
  99  7:55  Supply Depot  
  99  7:58  Supply Depot  
  99  8:00  SCV x2  
Show
View Real Time Build Order
Export as new Build Order

Lambo Zerg - Winner!

Build Orders: Hatch First 

Get SALT Encoding   

  12  0:00  Drone  
  13  0:12  Overlord  
  13  0:19  Drone  
  14  0:31  Drone x2  
  16  0:48  Hatchery  
  15  0:50  Drone  
  15  0:55  Drone  
  17  0:58  Drone  
  18  1:09  Extractor  
  17  1:13  Spawning Pool  
  17  1:15  Drone  
  17  1:19  Drone  
  18  1:28  Drone  
  19  1:39  Drone  
  20  1:50  Drone  
  21  2:00  Overlord, Queen x2  
  25  2:02  Zergling x2  
  26  2:09  Metabolic Boost  
  26  2:11  Zergling x2  
  26  2:12  Drone  
  28  2:21  Drone  
  28  2:22  Drone  
  30  2:35  Hatchery  
  29  2:39  Drone  
  30  2:46  Pneumatized Carapace  
  30  2:47  Drone  
  30  2:51  Drone  
  32  2:53  Overlord  
  32  2:59  Drone x2  
  34  3:09  Drone x2  
  36  3:16  Drone x2  
  36  3:17  Overlord, Queen  
  40  3:20  Drone  
  42  3:27  Drone x2  
  42  3:31  Drone  
  44  3:35  Queen  
  45  3:45  Spine Crawler  
  45  3:46  Baneling Nest  
  45  3:47  Drone  
  45  3:48  Drone x4  
  48  3:55  Overlord  
  48  3:57  Queen  
  48  4:00  Zergling x2  
  48  4:01  Zergling x2  
  52  4:05  Zergling x4  
  54  4:10  Queen  
  54  4:11  Overlord  
  56  4:19  Drone x2  
  56  4:20  Drone x4  
  62  4:26  Drone x3  
  65  4:33  Baneling x5  
  65  4:34  Drone x3  
  65  4:36  Drone  
  69  4:39  Queen  
  69  4:43  Baneling x2  
  69  4:44  Drone x2  
  73  4:47  Drone  
  73  4:48  Drone  
  70  4:58  Drone x5  
  71  5:02  Drone  
  71  5:05  Spore Crawler  
  71  5:06  Spore Crawler  
  67  5:07  Drone  
  67  5:12  Drone x4  
  67  5:13  Lair  
  72  5:16  Drone  
  72  5:17  Extractor  
  72  5:18  Extractor  
  72  5:21  Zergling x4  
  73  5:24  Drone  
  73  5:25  Extractor  
  73  5:26  Extractor  
  72  5:31  Zergling x4  
  74  5:37  Overlord, Evolution Chamber  
  74  5:39  Zergling x2  
  74  5:45  Overlord  
  74  5:47  Extractor  
  74  5:48  Drone, Overlord  
  74  5:53  Overlord  
  74  5:55  Overlord  
  74  5:56  Overlord  
  74  5:59  Drone x7  
  80  6:06  Drone x4  
  80  6:07  Zerg Ground Armor Level 1  
  80  6:10  Evolution Chamber  
  83  6:12  Drone x2  
  83  6:14  Centrifical Hooks  
  83  6:16  Hydralisk Den  
  84  6:25  Drone  
  85  6:28  Hatchery  
  85  6:30  Queen  
  86  6:39  Overlord  
  86  6:45  Hydralisk x10  
  106  6:50  Hydralisk  
  106  6:53  Muscular Augments  
  108  6:55  Hydralisk  
  108  6:57  Overlord  
  110  7:01  Overlord  
  110  7:05  Overlord  
  110  7:06  Hydralisk x3  
  110  7:08  Overlord  
  116  7:09  Hydralisk  
  116  7:10  Hydralisk  
  116  7:12  Overlord  
  119  7:16  Hydralisk x2  
  119  7:20  Hydralisk  
  123  7:23  Zergling x2  
  123  7:24  Zergling x6  
  123  7:27  Zergling x8  
  131  7:32  Zergling x4  
  131  7:34  Zergling x6  
  135  7:42  Zergling x6  
  138  7:45  Zergling x2  
  138  7:47  Baneling x13  
  138  7:48  Zergling x4  
  141  7:53  Zergling x2  
  141  7:57  Zergling x4  
  144  8:00  Baneling x4  
  144  8:01  Zergling x8  
  144  8:02  Zergling x4  
Tags
 
Add a new tag
Caveats
  • Supply blocks, unpowered buildings, or Contaminate may cause inaccurate times.
  • Supply counts are checked every 10 seconds.